 Dungeon Crawl Stone Soup version 0.21.1-1-g345015fe64 (webtiles) character file.

79352 Jannitor the Covert (level 16, -15/129 HPs)
             Began as a Halfling Chaos Knight on Mar 27, 2018.
             Demolished by a death yak (23 damage)
             ... led by a torpor snail
             ... on level 6 of the Lair of Beasts.
             The game lasted 01:12:29 (22854 turns).

Jannitor the Covert (Halfling Chaos Knight)        Turns: 22854, Time: 01:12:30

Health: -15/129    AC:  8    Str: 15    XL:     16   Next: 11%
Magic:  36/36      EV: 24    Int: 12    God:    Xom [*.....]
Gold:   1939       SH:  7    Dex: 17    Spells: 15/15 levels left

rFire    + + .     SeeInvis .   S - +4 Vampire's Tooth {vamp}
rCold    + + .     Gourm    .   I - +0 buckler
rNeg     . . .     Faith    .   D - +4 robe "Ycad" {rF++ MR++ Stlth+}
rPois    .         Spirit   .   (helmet restricted)
rElec    .         Reflect  .   l - scarf {repulsion}
rCorr    +         Harm     .   F - +2 pair of gloves
MR       +++..                  (no boots)
Stlth    ++++++....             W - amulet of Vitality {Regen+ HP+15}
HPRegen  1.11/turn              V - ring of resist corrosion
MPRegen  0.25/turn              g - ring of magical power

@: hasted, drained, repel missiles, very quick
A: small, claws 1, fangs 1, hooves 1, horns 1, blink, cold resistance 2,
deformed body, high mp 1, mutation resistance 1, regeneration 1
a: Blink, Renounce Religion


You were on level 6 of the Lair of Beasts.
You worshipped Xom.
You were a special plaything of Xom.
You were not hungry.

You visited 3 branches of the dungeon, and saw 22 of its levels.
You also visited: Ice Cave.

You collected 2457 gold pieces.
You spent 518 gold pieces at shops.

Inventory:

Hand Weapons
 a - a +1 short sword of chaos
 b - a +0 hunting sling of flaming
 k - a +4 scimitar of flaming
 u - a +1 dagger of holy wrath
 S - the +4 Vampire's Tooth (weapon) {vamp}
   (You found it on level 2 of the Lair of Beasts)

   It inflicts no extra harm, but heals its wielder when it wounds a living foe.
Missiles
 m - 282 stones
 w - 2 throwing nets (quivered)
 J - 114 sling bullets
Armour
 l - a scarf of repulsion (worn)
 D - the +4 robe "Ycad" (worn) {rF++ MR++ Stlth+}
   (You found it on level 4 of the Dungeon)

   It greatly protects you from fire.
   It affects your resistance to hostile enchantments.
   It makes you more stealthy.
 F - a +2 pair of gloves (worn)
 I - a +0 buckler (worn)
 K - a +2 shield of cold resistance
Jewellery
 g - a ring of magical power (right hand)
 x - an uncursed ring of protection from fire
 H - an uncursed amulet of faith {unknown}
 O - an uncursed ring of wizardry
 P - an uncursed ring of flight
 V - a ring of resist corrosion (left hand)
 W - the amulet of Vitality (around neck) {Regen+ HP+15}
   (You found it on level 12 of the Dungeon)

   [amulet of regeneration]

   It affects your health (+15).
   It increases your rate of regeneration.
Wands
 d - a wand of flame (5)
 q - a wand of disintegration (9)
 r - a wand of acid (1)
 z - a wand of random effects (52)
 E - a wand of paralysis (1)
 L - a wand of iceblast (12)
 N - a wand of enslavement (9)
 Z - a wand of polymorph (20)
Scrolls
 f - 2 scrolls of enchant armour
 s - 5 scrolls of teleportation
 t - 6 scrolls of remove curse
 A - 3 scrolls of enchant weapon
 Q - 2 scrolls of identify
 R - 5 scrolls of fog
 U - a scroll of fear
Potions
 h - a potion of cancellation
 i - 2 potions of agility
 j - 7 potions of lignification
 n - 2 potions of magic
 o - a potion of might
 p - 4 potions of mutation
 v - 6 potions of haste
 B - 3 potions of berserk rage
 M - 6 potions of flight
 T - a potion of brilliance
 X - 5 potions of resistance
 Y - a potion of curing
Miscellaneous
 y - a phantom mirror
Comestibles
 c - 20 rations
 e - 2 chunks of flesh


   Skills:
 + Level 11.6(11.4) Fighting
 + Level 12.2(11.9) Short Blades
 - Level 12.0(11.7) Slings
 - Level 2.1(2.0) Armour
 + Level 11.8(11.5) Dodging
 + Level 12.7(12.4) Stealth
 - Level 6.5(6.3) Shields
 + Level 11.6(11.3) Evocations


You had 15 spell levels left.
You didn't know any spells.

Dungeon Overview and Level Annotations

Branches:
Dungeon (14/15)            Temple (0/1) D:4            Lair (6/6) D:8
 Shoals (0/4) Lair:3       Spider (0/4) Lair:4        Slime (0/5) Lair:6
    Orc (2/2) D:9             Elf (0/3) Orc:2
 Vaults: D:13-14

Altars:
Cheibriados
Dithmenos
Elyvilon
Fedhas
Gozag
Hepliaklqana
Kikubaaqudgha
Makhleb
Xom
Zin
The Shining One
Beogh
Jiyva

Shops:
D:4 *   Orc:1 [   Orc:2 %*!(

Annotations:
D:5 1 runed door
D:8 2 transporters
Lair:5 exclusions: anaconda, black mamba and 2 water moccasins
Lair:6 Rupert


Innate Abilities, Weirdness & Mutations

You are small and have problems with some larger weapons.
You are somewhat resistant to further mutation.
You have sharp fingernails.
You have very sharp teeth.
You have large cloven feet.
You have a pair of small horns on your head.
You can translocate small distances at will.
Your flesh is very cold resistant. (rC++)
Armour fits poorly on your strangely shaped body.
You have an increased reservoir of magic. (+10% MP)
Your natural rate of healing is unusually fast.


Message History

Unknown command.
Unknown command.
You feel better. The bullfrog misses you. The death yak gores you!
* * * LOW HITPOINT WARNING * * *
The spiny frog stings you.
* * * LOW HITPOINT WARNING * * *
The tyrant leech completely misses you. The blink frog barely misses you.
The tyrant leech misses you.
Unknown command.
Unknown command.
Okay, then.
Unknown command.
Okay, then.
The bullfrog closely misses you. You block the blink frog's attack.
The spiny frog misses you.
The water moccasin bites the fungus.
The fungus is destroyed!
The death yak misses you. The tyrant leech misses you.
The death yak gores you!!
You die...
Xom titters!

≈≈P≈≈≈y≈≈≈≈≈≈≈#
..≈≈≈≈###≈.≈≈≈≈≈≈≈≈≈≈.#
...≈≈.#≈≈≈≈≈≈≈≈≈≈≈≈≈≈.#
.≈≈≈≈≈##≈≈≈P≈≈≈≈≈≈≈≈..#
...≈≈##≈≈≈≈≈≈≈≈≈≈≈≈≈.#
..≈.≈##≈≈≈≈≈≈≈≈F≈≈≈..#
.P≈..#≈≈≈≈≈≈≈≈wF≈≈...##
Y.### .....=≈w≈Fy.....#


DyYF## ##≈...YFY@.≈..#. .P5.Y###≈##...SF##...# ..#Y#Y.##.....### ###
....Y...F....## .......#.#...# ......####..## ##..### #P## ##### ### You could
see 2 death yaks, 2 tyrant leeches, 2 spiny frogs, a blink frog, a water
moccasin, a vampire mosquito and 2 bullfrogs.

Vanquished Creatures
  A frost giant (IceCv)
  Snorg (D:12)
  The ghost of DildoBatman the Bewitcher, a journeyman FoEn of Sif Muna (D:13)
  Harold (Orc:1)
  2 ogre magi (Orc:2)
  2 hydras
  Erica (Lair:2)
  15 two-headed ogres
  Sonja (D:12)
  2 skeletal warriors
  An unseen horror (D:8)
  A deep troll (Orc:2)
  Pikel (D:6)
  A mana viper (Orc:2)
  An orc knight (D:10)
  An ugly thing (D:13)
  A manticore (D:10)
  2 cyclopes (Orc:2)
  An ice statue (IceCv)
  A torpor snail (Lair:6)
  Maurice (D:8)
  A black mamba (Lair:5)
  11 spiny frogs
  A gargoyle (D:11)
  A rime drake (Lair:6)
  4 komodo dragons
  A kobold demonologist (D:11)
  A wind drake (Orc:1)
  14 polar bears (IceCv)
  A hornet (D:12)
  Prince Ribbit (D:6)
  12 trolls
  7 dream sheep
  2 hippogriffs
  6 slime creatures
  24 blink frogs
  2 wraiths
  31 yaks
  2 basilisks
  A fire bat (Orc:1)
  A hungry ghost (D:10)
  2 steam dragons
  3 vampire mosquitoes (Lair:6)
  Edmund (D:5)
  2 wargs
  2 soldier ants
  An acid dragon (shapeshifter) (Orc:1)
  An acid dragon (D:11)
  12 water moccasins
  9 porcupines
  8 orc warriors
  A slave (D:6)
  A sky beast (D:7)
  9 ice beasts
  A black bear (D:10)
  A necrophage (D:7)
  19 wolves
  4 phantoms
  29 ogres
  15 centaurs
  4 crocodiles
  6 big kobolds
  16 bullfrogs
  A wyvern zombie (D:12)
  6 scorpions
  A killer bee (Lair:6)
  3 wights
  2 howler monkeys
  6 crimson imps
  A centaur zombie (D:5)
  2 hounds
  2 jellies
  A bullfrog zombie (D:8)
  14 orc wizards
  5 orc priests
  5 centaur skeletons
  2 iguanas
  6 worker ants
  A centaur simulacrum (D:10)
  A hound skeleton (D:6)
  7 gnolls
  16 adders
  3 shadow imps
  An adder zombie (D:5)
  3 oozes
  2 adder skeletons
  2 dart slugs
  7 leopard geckos
  67 orcs
  A ball python (D:5)
  12 giant cockroaches
  A giant cockroach (shapeshifter) (D:2)
  7 goblins
  6 hobgoblins
  11 jackals
  4 quokkas
  10 bats
  A frilled lizard (D:1)
  A jackal skeleton (D:4)
  25 kobolds
  A leopard gecko skeleton (D:2)
  A quokka skeleton (D:4)
  9 rats
  2 plants
569 creatures vanquished.

Vanquished Creatures (collateral kills)
  2 spiny frogs
  A polar bear (IceCv)
  A wraith (D:10)
  4 yaks
  A basilisk (Lair:5)
  A hungry ghost (D:10)
  A porcupine (Lair:3)
  2 orc warriors
  2 wolves (IceCv)
  An ogre (Orc:2)
  The ghost of flt the Sneak, an amateur SpEn (D:3)
  2 wights (D:11)
  A hound (D:9)
  An orc priest (D:9)
  3 orc wizards
  2 gnolls (D:3)
  5 orcs
  A hobgoblin (D:3)
  2 bats (D:3)
  A kobold (D:3)
  A fungus (Lair:1)
36 creatures vanquished.

Vanquished Creatures (others)
  A black mamba (Lair:6)
  A troll (Orc:2)
  4 yaks (D:11)
  A water moccasin (Lair:5)
  An ogre (Orc:2)
  A crocodile (Lair:6)
  10 fungi
  50 plants (Lair:6)
69 creatures vanquished.

Grand Total: 674 creatures vanquished

Notes
Turn   | Place    | Note
-------+----------+-------------------------------------------
     0 | D:1      | Jannitor the Halfling Chaos Knight began the quest for the Orb.
     0 | D:1      | Reached XP level 1. HP: 15/15 MP: 1/1
    30 | D:1      | XOM: harmless Chrm miscast
    79 | D:1      | Reached XP level 2. HP: 17/20 MP: 2/2
   475 | D:1      | Reached XP level 3. HP: 24/26 MP: 1/3
   758 | D:1      | XOM: swap monsters
   899 | D:2      | XOM: enchant monster (bad)
   947 | D:2      | XOM: blink monster(s)
  1038 | D:2      | Reached XP level 4. HP: 31/31 MP: 4/4
  1066 | D:2      | XOM: scenery: 1 doors open
  1164 | D:2      | Reached skill level 1 in Slings
  1228 | D:2      | XOM: scenery: 1 doors open
  1446 | D:3      | Noticed flt's ghost (amateur SpEn)
  1451 | D:3      | XOM: summons 3 friendly demons
  1465 | D:3      | Killed flt's ghost
  1465 | D:3      | Reached skill level 5 in Short Blades
  1465 | D:3      | Reached XP level 5. HP: 37/37 MP: 5/5
  1540 | D:3      | XOM: polymorph orc -> quokka
  1659 | D:3      | Found a hazy altar of Hepliaklqana.
  1739 | D:3      | HP: 1/37 [poisoned by a kobold]
  2089 | D:3      | XOM: give mutations
  2089 | D:3      | Gained mutation: Your flesh is cold resistant. (rC+) [Xom's grace]
  2089 | D:3      | Gained mutation: Your natural rate of healing is unusually fast. [Xom's grace]
  2370 | D:3      | XOM: summons 5 friendly demons
  2379 | D:3      | Reached XP level 6. HP: 28/43 MP: 3/6
  2773 | D:3      | Found a blossoming altar of Fedhas.
  2778 | D:3      | Found a glowing golden altar of the Shining One.
  2778 | D:3      | XOM: noise
  2993 | D:4      | Found Dagausef's Assorted Antiques.
  2997 | D:4      | Got a tattered robe
  3002 | D:4      | Bought a forked bone wand for 104 gold pieces
  3012 | D:4      | Identified the +4 robe "Ycad" {rF++ MR++ Stlth+} (You found it on level 4 of the Dungeon)
  3118 | D:4      | XOM: 6-stop teleportation journey
  3120 | D:4      | Found a staircase to the Ecumenical Temple.
  3190 | D:4      | Noticed an ogre
  3194 | D:4      | Killed an ogre
  3194 | D:4      | Reached skill level 1 in Stealth
  3194 | D:4      | Reached XP level 7. HP: 49/49 MP: 7/7
  3229 | D:4      | XOM: give mutations
  3229 | D:4      | Gained mutation: You have sharp fingernails. [Xom's grace]
  3229 | D:4      | Gained mutation: Your muscles are strong. (Str +2) [Xom's grace]
  3229 | D:4      | Gained mutation: You have a pair of small horns on your head. [Xom's grace]
  3263 | D:4      | Found a shadowy altar of Dithmenos.
  3419 | D:4      | XOM: god gift: scroll labeled QELLUI BAET {god gift}
  3475 | D:4      | XOM: smoke on damage
  3583 | D:4      | XOM: cleaving
  3604 | D:4      | Found an ancient bone altar of Kikubaaqudgha.
  3646 | D:4      | XOM: 7-stop teleportation journey
  3731 | D:4      | Found a snail-covered altar of Cheibriados.
  3829 | D:5      | Entered Level 5 of the Dungeon
  3900 | D:5      | XOM: scenery: create altars
  3904 | D:5      | Reached skill level 5 in Slings
  3924 | D:5      | XOM: divination: detect creatures
  3988 | D:5      | XOM: harmless Summ miscast
  4081 | D:5      | Reached XP level 8. HP: 36/54 MP: 4/8
  4126 | D:5      | XOM: divination: detect creatures
  4226 | D:5      | Noticed Edmund
  4251 | D:5      | Killed Edmund
  4251 | D:5      | Reached skill level 5 in Fighting
  4251 | D:5      | Reached skill level 1 in Evocations
  4317 | D:5      | Found a white marble altar of Elyvilon.
  4317 | D:5      | Found a runed door.
  4317 | D:5      | Noticed an angel
  4320 | D:5      | XOM: mild Tloc miscast
  4868 | D:6      | Noticed Prince Ribbit
  4877 | D:6      | Killed Prince Ribbit
  4877 | D:6      | Reached XP level 9. HP: 49/61 MP: 7/10
  5144 | D:6      | Noticed Pikel
  5148 | D:6      | XOM: swap monsters
  5152 | D:6      | Killed Pikel
  5152 | D:6      | Reached skill level 5 in Stealth
  5221 | D:6      | Found a burning altar of Makhleb.
  5541 | D:7      | XOM: 9-stop teleportation journey
  5605 | D:7      | XOM: fog
  5620 | D:7      | Reached skill level 5 in Dodging
  5730 | D:7      | XOM: harmless Tmut miscast
  5749 | D:7      | XOM: silly message
  5864 | D:7      | XOM: harmless Chrm miscast
  5927 | D:7      | XOM: enchant monster (good)
  5983 | D:7      | Found an opulent altar of Gozag.
  6145 | D:7      | Reached XP level 10. HP: 50/68 MP: 7/12
  6290 | D:7      | XOM: summons 4 hostile shadow creatures
  6491 | D:7      | XOM: give mutations
  6491 | D:7      | Gained mutation: You have very sharp teeth. [Xom's grace]
  6491 | D:7      | Gained mutation: You are agile. (Dex +2) [Xom's grace]
  6539 | D:7      | XOM: fog
  6692 | D:8      | Noticed a two-headed ogre
  6702 | D:8      | Killed a two-headed ogre
  6717 | D:8      | XOM: scenery: create altars
  6775 | D:8      | XOM: scenery: create altars
  6778 | D:8      | Found a transporter.
  6820 | D:8      | XOM: destruction
  6874 | D:8      | Found a staircase to the Lair.
  6922 | D:8      | Noticed Maurice
  6960 | D:8      | XOM: god gift: 280 gold pieces
  6965 | D:8      | Killed Maurice
  7175 | D:8      | Noticed a two-headed ogre
  7181 | D:8      | Killed a two-headed ogre
  7181 | D:8      | Reached skill level 1 in Shields
  7181 | D:8      | Reached skill level 5 in Evocations
  7311 | D:8      | Found a transporter.
  7319 | D:8      | XOM: give mutations
  7319 | D:8      | Lost mutation: You have a pair of small horns on your head. [Xom's mischief]
  7319 | D:8      | Gained mutation: Scrolls take you a little longer to read. [Xom's mischief]
  7319 | D:8      | Lost mutation: You are agile. (Dex +2) [Xom's mischief]
  7319 | D:8      | Lost mutation: Your muscles are strong. (Str +2) [Xom's mischief]
  7432 | D:8      | Killed an unseen horror
  7432 | D:8      | Reached XP level 11. HP: 63/74 MP: 14/14
  7528 | D:9      | XOM: mild Chrm miscast
  7551 | D:9      | Noticed a two-headed ogre
  7559 | D:9      | Killed a two-headed ogre
  7566 | D:9      | XOM: summons friendly ufetubus
  7569 | D:9      | XOM: harmless Tmut miscast
  7659 | D:9      | XOM: polymorph ufetubus -> shadow imp
  7698 | D:9      | XOM: swap monsters
  7753 | D:9      | Found a roughly hewn altar of Beogh.
  7753 | D:9      | Found a staircase to the Orcish Mines.
  7775 | D:9      | XOM: swap monsters
  7840 | D:9      | XOM: 1-stop teleportation journey
  8120 | D:9      | Found a glowing silver altar of Zin.
  8121 | D:9      | Found a snail-covered altar of Cheibriados.
  8235 | D:9      | XOM: summons 4 hostile shadow creatures
  8405 | D:10     | Entered Level 10 of the Dungeon
  8472 | D:10     | XOM: divination: detect items
  8478 | D:10     | XOM: noise
  8711 | D:10     | Noticed a skeletal warrior
  8750 | D:9      | XOM: stat loss: -1 Int (11/12)
  8755 | D:9      | Killed a skeletal warrior
  8755 | D:9      | Reached skill level 10 in Slings
  8886 | D:10     | XOM: divination: detect creatures
  8906 | D:9      | XOM: mild Hex miscast
  8976 | D:10     | Noticed an orc knight
  8976 | D:10     | XOM: smoke on damage
  8996 | D:10     | XOM: harmless Tloc miscast
  9063 | D:10     | XOM: mild Conj miscast
  9065 | D:10     | XOM: cleaving
  9068 | D:10     | XOM: potion effect (might)
  9075 | D:10     | Killed an orc knight
  9098 | D:10     | Noticed a two-headed ogre
  9098 | D:10     | XOM: enchant monster (good)
  9139 | D:10     | Killed a two-headed ogre
  9195 | D:10     | XOM: enchant monster (good)
  9335 | D:10     | Got a warped scale mail
  9346 | D:10     | Identified the +0 scale mail of the Solstice {rElec rF+ rC- Regen+} (You found it on level 10 of the Dungeon)
  9429 | D:10     | XOM: mild Chrm miscast
  9822 | D:11     | XOM: harmless Ice miscast
  9823 | D:11     | XOM: cleaving
  9835 | D:11     | Reached skill level 10 in Short Blades
  9836 | D:11     | XOM: divine lightning
  9839 | D:11     | XOM: summons friendly iron imp
  9974 | Lair:1   | Entered Level 1 of the Lair of Beasts
 10047 | Lair:1   | XOM: confuse monster(s)
 10076 | Lair:1   | XOM: confuse monster(s)
 10083 | Lair:1   | Reached XP level 12. HP: 78/82 MP: 16/16
 10187 | Lair:1   | XOM: summons 3 friendly demons
 10199 | Lair:1   | XOM: butterfly on damage
 10265 | Lair:1   | XOM: 3-stop teleportation journey
 10300 | Lair:1   | XOM: 2-stop teleportation journey
 10456 | Lair:1   | XOM: 2-stop teleportation journey
 10488 | Lair:1   | Identified Xom's Advanced Guide to Spellcraft (Xom gifted it to you on level 1 of the Lair of Beasts)
 10488 | Lair:1   | XOM: god gift: Xom's Advanced Guide to Spellcraft
 10832 | Lair:2   | Found the +4 Vampire's Tooth {vamp}
 11016 | Lair:2   | Noticed Erica
 11021 | Lair:2   | Killed Erica
 11456 | Lair:2   | Reached skill level 5 in Shields
 11641 | Lair:2   | XOM: polymorph water moccasin -> big kobold
 11670 | Lair:2   | XOM: scenery: create altars
 11857 | Lair:2   | XOM: confuse monster(s)
 12058 | Lair:3   | XOM: cast spell 'Necromutation'
 12084 | Lair:3   | XOM: god gift: glowing plate armour {god gift}
 12114 | Lair:3   | XOM: 1-stop teleportation journey
 12126 | Lair:3   | Found a staircase to the Shoals.
 12135 | Lair:3   | XOM: summons 3 friendly demons
 12138 | Lair:3   | XOM: mild Air miscast
 12195 | Lair:3   | XOM: chaos cloud
 12216 | Lair:3   | XOM: summons 12 friendly demons
 12289 | Lair:3   | XOM: cast spell 'Summon Mana Viper'
 12368 | Lair:3   | XOM: confuse monster(s)
 12377 | Lair:3   | XOM: 8-stop teleportation journey
 12943 | Lair:3   | XOM: harmless Pois miscast
 12967 | Lair:3   | XOM: give mutations
 12967 | Lair:3   | Gained mutation: Armour fits poorly on your strangely shaped body. [Xom's mischief]
 12967 | Lair:3   | Lost mutation: Your flesh is cold resistant. (rC+) [Xom's mischief]
 13475 | Lair:4   | Found a hole to the Spider Nest.
 13959 | Lair:5   | Noticed an anaconda
 14089 | Lair:5   | XOM: summons friendly ufetubus
 14096 | Lair:5   | XOM: confusion (+ monsters)
 14104 | Lair:5   | Reached XP level 13. HP: 64/89 MP: 18/18
 14240 | Lair:5   | XOM: harmless Summ miscast
 14242 | Lair:5   | XOM: 1-stop teleportation journey
 14468 | Lair:5   | XOM: silly message
 14470 | Lair:5   | XOM: enchant monster (good)
 14475 | Lair:5   | XOM: harmless Fire miscast
 14478 | Lair:5   | XOM: summons friendly shadow imp
 14489 | Lair:5   | XOM: noise
 14502 | Lair:5   | XOM: summons 5 friendly demons
 14587 | Lair:5   | XOM: cast spell 'Leda's Liquefaction'
 14717 | Lair:5   | XOM: mild Tmut miscast
 15145 | Lair:5   | XOM: give mutations
 15145 | Lair:5   | Gained mutation: Scrolls take you longer to read. [Xom's mischief]
 15145 | Lair:5   | Gained mutation: You have an increased reservoir of magic. (+10% MP) [Xom's mischief]
 15145 | Lair:5   | Lost mutation: Scrolls take you longer to read. [Xom's mischief]
 15145 | Lair:5   | Lost mutation: Scrolls take you a little longer to read. [Xom's mischief]
 15149 | Lair:6   | Entered Level 6 of the Lair of Beasts
 15254 | Lair:6   | Noticed a catoblepas
 15314 | Lair:5   | XOM: scenery: create altars
 15316 | Lair:5   | XOM: god gift: rapier {god gift}
 15710 | Orc:1    | Entered Level 1 of the Orcish Mines
 15716 | Orc:2    | Entered Level 2 of the Orcish Mines
 15724 | Orc:2    | Found a roughly hewn altar of Beogh.
 15734 | Orc:1    | Noticed Harold
 15779 | Orc:1    | Reached skill level 10 in Stealth
 15784 | Orc:1    | Found a roughly hewn altar of Beogh.
 15830 | Orc:2    | XOM: 2-stop teleportation journey
 15832 | Orc:2    | XOM: silly message
 15835 | Orc:2    | XOM: harmless Ice miscast
 15842 | Orc:2    | XOM: summons friendly quasit
 15850 | Orc:2    | XOM: confuse monster(s)
 15940 | Orc:1    | Found a frozen archway.
 15943 | Orc:1    | XOM: fog
 15944 | Orc:1    | XOM: mild Fire miscast
 15955 | Orc:1    | Reached skill level 10 in Fighting
 15955 | Orc:1    | Reached XP level 14. HP: 44/99 MP: 14/23
 15964 | Orc:1    | XOM: scenery: create altars
 15971 | Orc:1    | Killed Harold
 16085 | IceCv    | Entered an ice cave
 16260 | IceCv    | XOM: divination: detect items
 16277 | IceCv    | XOM: cleaving
 16283 | IceCv    | XOM: scenery: create altars
 16439 | IceCv    | XOM: confuse monster(s)
 16450 | IceCv    | XOM: give mutations
 16450 | IceCv    | Gained mutation: Your flesh is cold resistant. (rC+) [Xom's grace]
 16450 | IceCv    | Gained mutation: You have large cloven feet. [Xom's grace]
 16450 | IceCv    | Gained mutation: You have a pair of small horns on your head. [Xom's grace]
 16450 | IceCv    | Gained mutation: Your muscles are strong. (Str +2) [Xom's grace]
 16466 | IceCv    | XOM: noise
 16747 | IceCv    | XOM: potion effect (magic)
 16749 | IceCv    | XOM: cast spell 'Dispersal'
 16804 | IceCv    | XOM: summons friendly iron imp
 16908 | IceCv    | Reached skill level 10 in Evocations
 16948 | IceCv    | Noticed a frost giant
 16968 | IceCv    | XOM: potion effect (invisibility)
 16968 | IceCv    | Reached skill level 10 in Dodging
 16969 | IceCv    | XOM: god gift: phantom mirror
 16971 | IceCv    | XOM: enchant monster (bad)
 16976 | IceCv    | Killed a frost giant
 17017 | IceCv    | XOM: divination: magic mapping
 17354 | Orc:1    | Noticed Urug
 17357 | Orc:1    | Found Offeulail's Armour Shop.
 17358 | Orc:1    | XOM: 4-stop teleportation journey
 17361 | Orc:1    | Noticed Urug
 17361 | Orc:1    | Urug changed into Urug the wind drake
 17379 | Orc:1    | Killed Urug the wind drake
 17390 | Orc:1    | Bought a scarf of repulsion for 192 gold pieces
 17614 | Orc:2    | XOM: mild Tmut miscast
 17782 | Orc:2    | XOM: mild Erth miscast
 17784 | Orc:2    | XOM: polymorph deep troll -> mana viper
 17792 | Orc:2    | XOM: harmless Tmut miscast
 17795 | Orc:2    | XOM: summons friendly shadow imp
 17804 | Orc:2    | XOM: harmless Summ miscast
 17812 | Orc:2    | Reached XP level 15. HP: 85/105 MP: 3/25
 17819 | Orc:2    | XOM: enchant monster (bad)
 17843 | Orc:2    | XOM: chaos upgrade
 17855 | Orc:2    | XOM: summons 1 hostile demon
 17857 | Orc:2    | XOM: blink monster(s)
 17865 | Orc:2    | XOM: summons 4 hostile shadow creatures
 17881 | Orc:2    | XOM: give mutations
 17881 | Orc:2    | Lost mutation: Your muscles are strong. (Str +2) [Xom's mischief]
 17881 | Orc:2    | Gained mutation: You can translocate small distances at will. [Xom's mischief]
 17881 | Orc:2    | Gained mutation: Your flesh is very cold resistant. (rC++) [Xom's mischief]
 17883 | Orc:2    | XOM: destruction
 17887 | Orc:2    | XOM: destruction
 17888 | Orc:2    | XOM: summons 7 friendly demons
 17894 | Orc:2    | XOM: god gift: 28 sling bullets
 17898 | Orc:2    | Found a staircase to the Elven Halls.
 17898 | Orc:2    | XOM: 5-stop teleportation journey
 17902 | Orc:2    | XOM: confuse monster(s)
 18018 | Orc:2    | XOM: medium Tmut miscast
 18112 | Orc:2    | XOM: enchant monster (good)
 18128 | Orc:2    | XOM: scenery: create altars
 18203 | Orc:1    | XOM: harmless Conj miscast
 18457 | Orc:2    | XOM: swap monsters
 18458 | Orc:2    | XOM: confuse monster(s)
 18464 | Orc:2    | XOM: chaos upgrade
 18504 | Orc:2    | Found Qaemayn's Antique Weapon Shoppe.
 18505 | Orc:2    | Found Qadey's Distillery.
 18517 | Orc:2    | Found Doseeteh's General Store.
 18519 | Orc:2    | XOM: enchant monster (bad)
 18551 | Orc:2    | XOM: harmless Hex miscast
 18577 | Orc:2    | Bought a glowing hunting sling for 157 gold pieces
 18608 | Orc:2    | Found Jeinocod's Food Shoppe.
 18633 | Orc:2    | Bought a potion of heal wounds for 65 gold pieces
 19082 | D:11     | XOM: swap monsters
 19233 | D:11     | XOM: harmless Conj miscast
 19234 | D:11     | XOM: polymorph iguana -> jelly
 19242 | D:11     | XOM: swap monsters
 19359 | D:11     | XOM: swap monsters
 19434 | D:11     | XOM: mild Air miscast
 19725 | D:11     | XOM: enchant monster (good)
 19728 | D:11     | XOM: enchant monster (good)
 19975 | D:11     | XOM: scenery: 1 doors close
 20155 | D:11     | XOM: harmless Ice miscast
 20198 | D:12     | XOM: mild Ice miscast
 20200 | D:12     | XOM: summons friendly ufetubus
 20221 | D:12     | XOM: confuse monster(s)
 20228 | D:12     | XOM: summons friendly crimson imp
 20234 | D:12     | XOM: cast spell 'Ring of Flames'
 20281 | D:12     | Found the amulet of Vitality {Regen+ HP+15}
 20294 | D:12     | XOM: blink monster(s)
 20498 | D:12     | Noticed Sonja
 20504 | D:12     | Killed Sonja
 20564 | D:12     | Noticed Snorg
 20566 | D:12     | Killed Snorg
 20687 | D:13     | XOM: stealth player
 20772 | D:13     | XOM: confuse monster(s)
 20794 | D:13     | Noticed DildoBatman's ghost (journeyman FoEn)
 20795 | D:13     | XOM: harmless Pois miscast
 20798 | D:13     | XOM: confuse monster(s)
 20884 | D:13     | XOM: harmless Necr miscast
 20889 | D:13     | XOM: potion effect (heal wounds)
 20909 | D:13     | Killed DildoBatman's ghost
 20942 | D:13     | XOM: harmless Air miscast
 21108 | D:13     | XOM: potion effect (agility)
 21122 | D:13     | XOM: potion effect (invisibility)
 21309 | D:13     | XOM: potion effect (haste)
 21374 | D:13     | XOM: silly message
 21505 | D:13     | XOM: divination: magic mapping
 21574 | D:13     | XOM: mild Conj miscast
 21959 | D:14     | XOM: 8-stop teleportation journey
 22123 | D:14     | XOM: 2-stop teleportation journey
 22185 | D:12     | XOM: god gift: long glowing staff {god gift}
 22233 | D:9      | XOM: cloud trail
 22308 | Lair:1   | XOM: scenery: create altars
 22395 | Lair:6   | XOM: summons friendly white imp
 22407 | Lair:5   | XOM: divination: magic mapping
 22422 | Lair:5   | XOM: cast spell 'Death Channel'
 22462 | Lair:6   | XOM: potion effect (haste)
 22463 | Lair:6   | XOM: harmless Erth miscast
 22512 | Lair:6   | XOM: polymorph bullfrog -> scorpion
 22517 | Lair:6   | XOM: summons 4 hostile shadow creatures
 22520 | Lair:6   | XOM: noise
 22535 | Lair:6   | XOM: draining
 22543 | Lair:6   | XOM: medium Air miscast
 22550 | Lair:6   | XOM: enchant monster (good)
 22589 | Lair:6   | XOM: enchant monster (good)
 22595 | Lair:6   | XOM: enchant monster (good)
 22595 | Lair:6   | Reached XP level 16. HP: 106/113 MP: 27/27
 22633 | Lair:6   | XOM: potion effect (berserk rage)
 22640 | Lair:6   | XOM: harmless Ice miscast
 22652 | Lair:6   | XOM: enchant monster (good)
 22693 | Lair:6   | XOM: harmless Chrm miscast
 22754 | Lair:6   | Noticed Rupert
 22781 | Lair:6   | Found a staircase to the Slime Pits.
 22781 | Lair:6   | Found a viscous altar of Jiyva.
 22786 | Lair:6   | XOM: silly message
 22790 | Lair:6   | XOM: enchant monster (good)
 22797 | Lair:6   | XOM: enchant monster (bad)
 22799 | Lair:6   | XOM: cast spell 'Summon Small Mammal'
 22800 | Lair:6   | XOM: summons friendly quasit
 22805 | Lair:6   | XOM: summons 8 friendly demons
 22820 | Lair:6   | XOM: confuse monster(s)
 22822 | Lair:6   | XOM: potion effect (haste)
 22824 | Lair:6   | XOM: polymorph bullfrog -> killer bee
 22838 | Lair:6   | XOM: confusion (+ monsters)
 22852 | Lair:6   | HP: 6/129 [spiny frog (6)]
 22854 | Lair:6   | Demolished by a death yak

Skill      XL: |  1  2  3  4  5  6  7  8  9 10 11 12 13 14 15 |
---------------+----------------------------------------------+-----
Fighting       | 3 4 5 6 7 8 10 11 | 11.6
Short Blades   | 4 5 6 7 8 9 10 11 12 | 12.2
Slings         | 2 3 4 5 6 7 9 10 11 12 | 12.0
Stealth        | 1 2 4 5 6 8 9 10 11 12 | 12.7
Dodging        | 2 4 5 6 7 8 9 10 11 | 11.8
Evocations     | 2 3 5 6 7 9 10 11 | 11.6
Shields        | 2 4 6 |  6.5
Armour         | |  2.1

Action                   |  1- 3 |  4- 6 |  7- 9 | 10-12 | 13-15 | 16-18 || total
-------------------------+-------+-------+-------+-------+-------+-------++-------
Melee: Short sword       |   119 |   168 |   335 |   810 |   444 |       ||  1876
       Headbutt          |       |       |    73 |    34 |   410 |    33 ||   550
       Bite              |       |       |       |   105 |   306 |    21 ||   432
       Dagger            |       |       |       |    17 |  1553 |   133 ||  1703
       Kick              |       |       |       |       |   613 |    43 ||   656
 Fire: Hunting sling     |     3 |    23 |     5 |    57 |    25 |       ||   113
Throw: Throwing net      |       |       |       |     1 |       |       ||     1
Evoke: Wand              |       |     5 |     1 |    19 |    59 |     1 ||    85
       Box of beasts     |       |       |       |       |     1 |       ||     1
  Use: Scroll            |       |       |    13 |    14 |     5 |     1 ||    33
       Potion            |       |       |       |     4 |    10 |     3 ||    17
 Stab: Confused          |     2 |       |     3 |    10 |    10 |       ||    25
       Sleeping          |     1 |     2 |     8 |    17 |    25 |       ||    53
       Paralysed         |       |     3 |     4 |    16 |     2 |       ||    25
       Petrified         |       |       |     2 |       |     1 |       ||     3
       Petrifying        |       |       |       |     3 |     2 |     1 ||     6
       Distracted        |       |       |       |     3 |     5 |       ||     8
       Invisible         |       |       |       |       |     4 |       ||     4
  Eat: Chunk             |       |     7 |    10 |    15 |    20 |     2 ||    54
       Ration            |       |       |       |     3 |     5 |       ||     8
Armor: Leather armour    |    80 |    35 |       |       |       |       ||   115
       Robe              |       |     3 |    58 |    88 |   161 |    16 ||   326
Dodge: Dodged            |   107 |   114 |   162 |   411 |  1136 |   118 ||  2048
       Deflected         |       |       |       |       |    13 |       ||    13
Block: Buckler           |       |       |       |    97 |   450 |    33 ||   580
